 Dungeon Crawl Stone Soup version 0.18.1-8-gdd0e5ea (webtiles) character file.

2587 l0ser140 the Fighter (level 9, -6/102 HPs)
             Began as an Ogre Hunter on May 31, 2016.
             Was a Follower of Okawaru.
             Mangled by an orc
             ... wielding a +0 club
              (7 damage)
             ... on level 8 of the Dungeon on June 1, 2016.
             The game lasted 00:32:54 (10209 turns).

l0ser140 the Fighter (Ogre Hunter)                 Turns: 10209, Time: 00:32:55

Health: -6/102     AC:  6    Str: 22    XL:     9   Next: 58%
Magic:  8/9        EV: 13    Int: 10    God:    Okawaru [*.....]
Gold:   313        SH:  0    Dex: 13    Spells: 0 memorised, 8 levels left

rFire  . . .     SeeInvis .     I - +0 giant spiked club
rCold  . . .     Gourm    .     b - +0 robe
rNeg   + . .     Faith    .     (shield currently unavailable)
rPois  .         Spirit   .     q - +2 hat
rElec  .         Dismiss  +     a - +0 cloak
rCorr  .         Reflect  .     (gloves unavailable)
SustAt .         Harm     .     (boots unavailable)
MR     .....                    A - amulet of dismissal
Stlth  +.........               m - ring of positive energy
                                F - +3 ring of dexterity

@: exhausted, very slightly contaminated, hasted and slowed, not resistant to
hostile enchantments, very unstealthy
A: unfitting armour, tough skin 1
a: Heroism, Renounce Religion


You were on level 8 of the Dungeon.
You worshipped Okawaru.
Okawaru was aware of your devotion.
You were near starving.

You visited 2 branches of the dungeon, and saw 10 of its levels.

You collected 313 gold pieces.

Inventory:

Hand Weapons
 C - a +0 whip
 I - a +0 giant spiked club (weapon)
Missiles
 d - 2 throwing nets (quivered)
Armour
 a - a +0 cloak (worn)
 b - a +0 robe (worn)
 q - a +2 hat (worn)
Jewellery
 i - an uncursed ring of protection from cold
   (You found it on level 1 of the Dungeon)
 m - a ring of positive energy (right hand)
   (You found it on level 1 of the Dungeon)
 u - a +5 ring of intelligence
   (You found it on level 2 of the Dungeon)
 A - an amulet of dismissal (around neck)
   (You found it on level 3 of the Dungeon)
 D - an uncursed amulet of faith
   (You took it off a gnoll on level 5 of the Dungeon)
 F - a +3 ring of dexterity (left hand)
   (You found it on level 5 of the Dungeon)
Wands
 y - a wand of disintegration (12/24)
 H - a wand of lightning (0/15)
Scrolls
 e - 2 scrolls of enchant armour {unknown}
 g - a scroll of recharging {unknown}
 h - a scroll of enchant weapon {unknown}
 l - 3 scrolls of noise
 n - 4 scrolls of remove curse
 s - a scroll of fear {unknown}
 t - 3 scrolls of magic mapping {unknown}
 v - 3 scrolls of teleportation {unknown}
 w - 3 scrolls of fog {unknown}
 E - a scroll of immolation {unknown}
 G - a scroll of amnesia {unknown}
Potions
 o - a potion of berserk rage
 p - a potion of brilliance {unknown}
 r - a potion of cancellation {unknown}
 x - a potion of magic {unknown}
 z - a potion of haste
Comestibles
 f - 9 bread rations
 j - 4 meat rations
 B - a fruit


   Skills:
 + Level 10.6 Fighting
 + Level 5.3 Maces & Flails
 - Level 4.0 Throwing
 * Level 4.1 Armour
 * Level 6.8 Dodging
 - Level 0.7 Stealth


You had 8 spell levels left.
You didn't know any spells.

Dungeon Overview and Level Annotations

Branches:
Dungeon (9/15)             Temple (1/1) D:4
   Lair: D:8-11         Orc: D:9-12

Altars:
Ashenzari
Cheibriados
Fedhas
Gozag
Kikubaaqudgha
Makhleb
Nemelex Xobeh
Okawaru
Pakellas
Qazlal
Ru
Sif Muna
Trog
Vehumet
Xom
Yredelemnul
Zin
The Shining One

Shops:
D:4 =

Annotations:
D:8 Erica
D:9 Aquadorian's ghost, novice KoBe


Innate Abilities, Weirdness & Mutations

You are too large for most types of armour.
You have tough skin (AC +1).


Message History

The orc warrior hits you with a hand axe.
* * * LOW HITPOINT WARNING * * *
You are very lightly contaminated with residual magic.
Huge Dmg: -7%(-7hp) hp: 11%(11hp) Drink which item? (? for menu, Esc to quit)
You feel much better. The orc hits you but does no damage.
The orc warrior hits you with a hand axe.
* * * LOW HITPOINT WARNING * * *
Put on which piece of jewellery? (? for menu, Esc to quit)
Really remove
D - an amulet of faith?
You remove your amulet of faith.
Okawaru seems less interested in you.
You feel less pious. The orc barely misses you. The world spins around you!
A - an amulet of dismissal (around neck)
The orc warrior closely misses you. The orc hits you with a club.
* * * LOW HITPOINT WARNING * * *
The orc warrior hits you with a hand axe!
* * * LOW HITPOINT WARNING * * *
Huge Dmg: -18%(-18hp) hp: 8%(8hp)
An orc wizard comes into view. It is wielding a dagger.
The centaur shouts!
The orc wizard shouts!
The centaur wields a shortbow.
The centaur shoots an arrow.
The arrow hits you.
* * * LOW HITPOINT WARNING * * *
Huge Dmg: -5%(-5hp) hp: 3%(3hp) Read which item? (? for menu, Esc to quit)
Okay, then.
Unknown command.
Drink which item? (? for menu, Esc to quit)
You feel much better.
The centaur shoots an arrow.
The arrow hits you.
* * * LOW HITPOINT WARNING * * *
The orc barely misses you.
The orc wizard gestures at you while chanting.
The magic dart hits you!
* * * LOW HITPOINT WARNING * * *
The orc warrior hits you with a hand axe!
* * * LOW HITPOINT WARNING * * *
The centaur shoots an arrow.
The arrow closely misses you.
Unknown command.
You feel like a meek peon again.
The world stops spinning.
The centaur shoots an arrow.
The arrow hits you!
* * * LOW HITPOINT WARNING * * *
The orc closely misses you.
You see here an arrow.
Huge Dmg: -8%(-8hp) hp: 7%(7hp)
The centaur shoots an arrow.
The arrow hits you.
* * * LOW HITPOINT WARNING * * *
The orc hits you with a club!
You die...

≈≈≈≈≈.........#........
≈≈≈≈≈≈≈.........#........
≈oc≈o≈≈≈.........#........
≈≈≈≈≈≈≈≈#####...##........
≈≈≈≈≈≈≈≈##.##...######..@.
≈≈≈≈≈≈≈≈.........#
#..........(....#
#...............#
#......(ζ.###'###
#.....(oo.##..)#
##...##..).(...+ ##+
#..)##...# ##### ...# #o##
.. ... ...


You could see an orc warrior, a centaur, an orc wizard and an orc.

Vanquished Creatures
  A steam dragon (D:7)
  An ice beast (D:8)
  An orc warrior (D:8)
  A black bear (D:6)
  A sky beast (D:6)
  2 ogres (D:4 D:6)
  3 phantoms (D:4 D:5 D:8)
  5 centaurs (D:5 D:6 D:7)
  A giant frog (D:6)
  2 scorpions (D:5 D:7)
  A water moccasin skeleton (D:7)
  5 wights (D:6)
  A howler monkey (D:4)
  2 jellies (D:6 D:7)
  3 hounds (D:3 D:4 D:6)
  4 orc priests (D:6 D:8)
  A gnoll shaman (D:6)
  Jessica (D:3)
  An iguana (D:4)
  5 orc wizards (D:4 D:6 D:8)
  A worker ant (D:4)
  5 adders (D:1 D:2 D:7 D:8)
  14 gnolls (D:3 D:5 D:6)
  2 shadow imps (D:5)
  An ooze (D:3)
  3 worms (D:3 D:4)
  A dart slug (D:3)
  4 giant geckos (D:2 D:4 D:5 D:6)
  23 orcs (D:4 D:5 D:6 D:8)
  4 giant cockroaches (D:1 D:2 D:4)
  6 goblins (D:1 D:2 D:3)
  10 hobgoblins (D:1 D:2 D:3)
  3 jackals (D:6 D:5)
  5 kobolds (D:1 D:2 D:3)
  3 quokkas (D:3 D:6)
  3 ball pythons (D:2 D:3 D:7)
  6 bats (D:1 D:2 D:3)
  5 giant newts (D:1 D:3 D:6 D:7)
  2 quokka skeletons (D:5 D:6)
  11 rats (D:1 D:2 D:3)
154 creatures vanquished.

Vanquished Creatures (others)
  A crocodile (D:5)
  9 withered plants (D:6)
10 creatures vanquished.

Grand Total: 164 creatures vanquished

Notes
Turn   | Place    | Note
--------------------------------------------------------------
     0 | D:1      | l0ser140 the Ogre Hunter began the quest for the Orb.
     0 | D:1      | Reached XP level 1. HP: 22/22 MP: 1/1
    18 | D:1      | Huge Dmg: 3 Dmg
   129 | D:1      | Huge Dmg: 4 Dmg
   130 | D:1      | Reached skill level 3 in Fighting
   130 | D:1      | Reached skill level 2 in Dodging
   130 | D:1      | Reached XP level 2. HP: 18/31 MP: 2/2
   498 | D:1      | Reached skill level 4 in Fighting
   556 | D:1      | Reached XP level 3. HP: 39/39 MP: 3/3
  1443 | D:2      | Reached XP level 4. HP: 49/49 MP: 4/4
  1559 | D:2      | Reached skill level 5 in Fighting
  2012 | D:3      | Noticed Jessica
  2021 | D:3      | Killed Jessica
  2097 | D:3      | Huge Dmg: 9 Dmg
  2564 | D:3      | Huge Dmg: 9 Dmg
  2571 | D:3      | Reached skill level 6 in Fighting
  2571 | D:3      | Reached XP level 5. HP: 25/59 MP: 5/5
  2917 | D:3      | Reached skill level 3 in Dodging
  3024 | D:3      | Huge Dmg: 5 Dmg
  3331 | D:4      | Reached XP level 6. HP: 68/68 MP: 6/6
  3366 | D:4      | Reached skill level 7 in Fighting
  3554 | D:4      | Huge Dmg: 38 Dmg
  3759 | D:4      | Found a staircase to the Ecumenical Temple.
  3767 | Temple   | Entered the Ecumenical Temple
  4109 | Temple   | Became a worshipper of Warmaster Okawaru
  4440 | D:4      | Noticed a phantom
  4474 | D:4      | Huge Dmg: 13 Dmg
  4481 | D:4      | Killed a phantom
  4481 | D:4      | Reached skill level 8 in Fighting
  4914 | D:4      | Found Ahofevuwk's Jewellery Emporium.
  5101 | D:5      | Entered Level 5 of the Dungeon
  5177 | D:5      | Huge Dmg: 10 Dmg
  5185 | D:5      | Reached skill level 4 in Dodging
  5185 | D:5      | Reached XP level 7. HP: 37/81 MP: 7/7
  5488 | D:4      | Huge Dmg: 23 Dmg
  5489 | D:4      | Huge Dmg: 23 Dmg
  5543 | D:4      | Reached skill level 1 in Maces & Flails
  5906 | D:5      | Reached * piety under Okawaru
  5906 | D:5      | Reached skill level 9 in Fighting
  5906 | D:5      | Reached skill level 2 in Maces & Flails
  6158 | D:5      | Found an oddly glowing altar of Pakellas.
  6203 | D:5      | Found an oddly glowing altar of Pakellas.
  6203 | D:5      | Noticed an orange crystal statue
  6264 | D:5      | Reached XP level 8. HP: 93/93 MP: 8/8
  6278 | D:5      | Huge Dmg: 16 Dmg
  6621 | D:5      | Found a bloodstained altar of Trog.
  7079 | D:6      | Found a glowing golden altar of the Shining One.
  7248 | D:6      | Reached skill level 3 in Maces & Flails
  7387 | D:6      | Reached skill level 1 in Armour
  7524 | D:7      | Huge Dmg: 22 Dmg
  7952 | D:7      | Reached skill level 10 in Fighting
  7952 | D:7      | Reached skill level 5 in Dodging
  8007 | D:7      | Huge Dmg: 18 Dmg
  8011 | D:7      | Huge Dmg: 18 Dmg
  8050 | D:6      | Huge Dmg: 10 Dmg
  8055 | D:6      | Huge Dmg: 10 Dmg
  8507 | D:6      | Reached skill level 2 in Armour
  8534 | D:6      | Reached skill level 4 in Maces & Flails
  8982 | D:6      | Reached ** piety under Okawaru
  8985 | D:6      | Reached XP level 9. HP: 87/101 MP: 9/9
  9017 | D:6      | Reached skill level 6 in Dodging
  9126 | D:6      | Reached skill level 3 in Armour
  9245 | D:6      | Found an opulent altar of Gozag.
  9246 | D:6      | Found a glowing silver altar of Zin.
  9438 | D:6      | Found an ancient bone altar of Kikubaaqudgha.
  9692 | D:7      | Reached skill level 5 in Maces & Flails
  9707 | D:7      | You fall through a shaft for 2 floors!
  9828 | D:9      | Noticed Aquadorian's ghost (novice KoBe)
 10066 | D:8      | Found an oddly glowing altar of Pakellas.
 10112 | D:8      | Noticed Erica
 10172 | D:8      | Reached skill level 4 in Armour
 10181 | D:8      | Huge Dmg: 15 Dmg
 10185 | D:8      | Huge Dmg: 12 Dmg
 10195 | D:8      | Huge Dmg: 16 Dmg
 10200 | D:8      | Huge Dmg: 12 Dmg
 10201 | D:8      | Huge Dmg: 5 Dmg
 10202 | D:8      | Huge Dmg: 7 Dmg
 10206 | D:8      | Huge Dmg: 18 Dmg
 10206 | D:8      | HP: 3/102 [centaur/arrow (6)]
 10207 | D:8      | Huge Dmg: 5 Dmg
 10209 | D:8      | Huge Dmg: 8 Dmg
 10209 | D:8      | HP: 1/102 [centaur/arrow (6)]
 10209 | D:8      | Mangled by an orc

Skill      XL: |  1  2  3  4  5  6  7  8  9 |
---------------+----------------------------+-----
Fighting       | 3 4 6 8 9 10 | 10.6
Dodging        | 2 3 4 5 6 |  6.8
Maces & Flails | 2 4 5 |  5.3
Armour         | 2 4 |  4.1
Throwing       | |  4.0
Stealth        | |  0.7

Action                   |  1- 3 |  4- 6 |  7- 9 || total
-------------------------+-------+-------+-------++-------
Melee: Short sword       |   145 |   266 |     8 ||   419
       Giant club        |       |       |    80 ||    80
       Whip              |       |       |     3 ||     3
       Giant spiked club |       |       |   155 ||   155
Throw: Large rock        |     4 |    22 |     6 ||    32
Invok: Heroism           |       |       |     2 ||     2
Evoke: Wand              |       |       |     5 ||     5
  Use: Scroll            |       |       |     5 ||     5
       Potion            |       |       |     7 ||     7
 Stab: Distracted        |       |       |     2 ||     2
       Sleeping          |       |       |     2 ||     2
  Eat: Chunk             |     1 |    12 |    14 ||    27
       Fruit             |       |       |     3 ||     3
Armor: Robe              |    71 |    74 |    60 ||   205
Dodge: Dodged            |   121 |   125 |   168 ||   414

Vault maps used:
D:1:      dpeg_arrival_simpleton_c, corexii_leaking_fountain
D:2:      first_bread
D:3:      minmay_door_path, uniq_jessica
D:4:      minmay_temple_entry_large_hall, serial_shops, shop
D:5:      lightli_temple_of_fire, basic_altar,
          gammafunk_pakellas_statue_experiment
D:6:      grunt_temple_overflow_gold_and_silver, kiku_gazebo_garden_becter,
          marbit_many_paths
D:7:      gammafunk_temple_overflow_elements
D:8:      nicolae_whirlpool, kennysheep_mini_moat, elyvilon_altar_4, uniq_erica
D:9:      lair_0_dummy
Temple:   temple_eino_lava_12
